 Dungeon Crawl Stone Soup version 0.27.1-1-g398f81649c (webtiles) character file.

Game seed: 10927901734513673193

14 nxtlvl the Grave Robber (level 2, -1/20 HPs)
             Began as a Minotaur Necromancer on Sept 10, 2021.
             Slain by an adder (2 damage)
             ... on level 2 of the Dungeon.
             The game lasted 00:02:54 (387 turns).

nxtlvl the Grave Robber (Minotaur Necromancer)       Turns: 387, Time: 00:02:54

Health: -1/20      AC:  2    Str: 12    XL:     2   Next: 31%
Magic:  2/3        EV: 12    Int: 12    God:
Gold:   12         SH:  0    Dex: 10    Spells: 2/3 levels left

rFire    . . .     SeeInvis .   b - +1 dagger (venom)
rCold    . . .     Faith    .   (no shield)
rNeg     . . .     Spirit   .   c - +0 robe
rPois    .         Reflect  .   (helmet restricted)
rElec    .         Harm     .   (no cloak)
rCorr    .         Rampage  .   (no gloves)
Will     .....                  (no boots)
Stlth    ++........             (no amulet)
HPRegen  0.06/turn              (no ring)
MPRegen  0.08/turn              (no ring)

@: no status effects
A: horns 2, retaliatory headbutt
a: no special abilities


You were on level 2 of the Dungeon.
You visited 1 branch of the dungeon, and saw 2 of its levels.

You collected 12 gold pieces.

Inventory:

Hand Weapons
 a - a +0 club
 b - a +1 dagger of venom (weapon)
 d - a +0 hunting sling
Armour
 c - a +0 robe (worn)
 e - a +0 ring mail
Scrolls
 f - a scroll of noise {unknown}
Potions
 g - a potion of brilliance {unknown}


   Skills:
 - Level 2.1 Dodging
 - Level 1.5 Stealth
 - Level 1.3 Spellcasting
 + Level 3.4 Necromancy


You had 2 spell levels left.
You knew the following spells:

 Your Spells              Type           Power      Damage    Failure   Level
z - Pain                  Necr           36%        1d5       7%          1

Your spell library contained the following spells:

 Spells                   Type           Power      Damage    Failure   Level
 Animate Skeleton         Necr           18%        N/A       7%          1
 Vampiric Draining        Necr           4%         2d6       22%         3
 Animate Dead             Necr           4%         N/A       56%         4
 Agony                    Necr           9%         N/A       89%         5


Dungeon Overview and Level Annotations

Branches:
Dungeon (2/15)

Altars:

Shops:
D:1 *


Innate Abilities, Weirdness & Mutations

You have a pair of horns on your head.
You reflexively headbutt those who attack you in melee.


Message History

Aiming: Pain (safe; 7% risk of failure)
Press: ? - help, Shift-Dir - straight line, f - quokka
Aim: a quokka (chance to affect: 76%)
You miscast Pain.
You are very lightly contaminated with residual magic.
Nothing appears to happen.
The quokka barely misses you.
Casting: Pain (safe; 7% risk of failure)
Confirm with . or Enter, or press ? or * to list all spells.
Aiming: Pain (safe; 7% risk of failure)
Press: ? - help, Shift-Dir - straight line, f/p - quokka
Aim: a quokka (chance to affect: 76%)
You miscast Pain.
Nothing appears to happen.
The quokka closely misses you.
Casting: Pain (safe; 7% risk of failure)
Confirm with . or Enter, or press ? or * to list all spells.
Aiming: Pain (safe; 7% risk of failure)
Press: ? - help, Shift-Dir - straight line, f/p - quokka
Aim: a quokka (chance to affect: 76%)
The quokka writhes in agony.
The quokka closely misses you.
You hit the quokka.
You kill the quokka!
f - a scroll labelled ZUC AGRYXO;
g - a sedimented blue potion You see here a +0 spear.
Your magical contamination has completely faded away.
There is a stone staircase leading down here.
You climb downwards.
The adder hisses angrily.
The adder bites you but does no damage.
A quokka comes into view.
The adder bites you.
* * * LOW HITPOINT WARNING * * *
Found a stone staircase leading down.
There is a stone staircase leading up here.
You closely miss the adder. The adder barely misses you. The quokka bites you.
* * * LOW HITPOINT WARNING * * *
The rat barely misses you.
Unknown command.
You closely miss the adder. The adder bites you.
* * * LOW HITPOINT WARNING * * *
The quokka misses you. The rat barely misses you. The adder bites you.
You die...

### ... ..
#####.######
..
....>.rS...#
#. #@...#
#.## ###
#r#####
#..#... ...
..#.# .....
.##...#
#.....
...<..#
.......
###...#
###..#.
#.#.# .....
#.#...


You could see an adder, a quokka and a rat.

Vanquished Creatures
  An endoplasm (D:1)
  A giant cockroach (D:1)
  2 hobgoblins (D:1)
  A quokka (D:1)
  A ball python (D:1)
  3 bats (D:1)
  3 kobolds (D:1)
  A rat (D:1)
13 creatures vanquished.

Notes
Turn   | Place    | Note
-------+----------+-------------------------------------------
     0 | D:1      | nxtlvl the Minotaur Necromancer began the quest for the
                  | Orb.
     0 | D:1      | Reached XP level 1. HP: 14/14 MP: 1/1
   100 | D:1      | Reached skill level 3 in Necromancy
   171 | D:1      | Found a faded altar of an unknown god.
   235 | D:1      | Found Raebbiakh's General Store.
   243 | D:1      | Reached XP level 2. HP: 14/20 MP: 0/3
   387 | D:2      | HP: 1/20 [adder (2)]
   387 | D:2      | Slain by an adder

Illustrated notes

Levels and vault maps discovered:
D:1:      psy_arrival_radial02, layout_basic,
          hellmonk_ecumenical_altar_pennies_from_heaven, serial_shops, shop,
          serial_bayou_pond_c
D:2:      layout_basic, uniq_terence

Skill      XL: |  1 |
---------------+----+-----
Necromancy     | 3 |  3.4
Dodging        | |  2.1
Stealth        | |  1.5
Spellcasting   | |  1.3

Action                   || total
-------------------------++-------
Melee: Club              ||     8
       Headbutt          ||     4
       Unarmed           ||     2
       Dagger            ||     9
 Cast: Pain              ||     6
Armor: Robe              ||     6
Dodge: Dodged            ||    18
